cohdb
Replays
Latest Replays
All Replays
Popular Replays
Top Player Replays
Match Explorer
How It Works
Community
CoH3 Stats
Reddit
Sign in to upload your games and track your stats! →
Sign in with Steam
Match 41531958
Unlisted
Match 41531958
Overview
Messages
Build Orders
End
Construct Barracks
Selects Special Operations Battlegroup
Selects M29 Weasel Recon Vehicle
M29 Weasel Recon Vehicle
Riflemen Squad
Riflemen Squad
Infantry Support Center
Riflemen Squad
M1 Mortar Team
Scout Squad
Construct Motor Pool
M8 Greyhound Armored Car
M1918 Browning Automatic Rifles
Engineer Squad
Construct Medical Station
Grenade Package
Selects Mark Vehicle
M1 Anti-tank Gun Team
Selects M4A1 Sherman Whizbang
M8 Greyhound Armored Car
Engineer Squad
M24 Chaffee Light Tank
Riflemen Squad
Riflemen Squad
Advanced Logistics
Selects Raiding Flares
Selects SSF Commando Squad
SSF Commando Squad
TBells
MadMax
0
0
Comments
sign in to comment!
No comments posted yet!